 Dungeon Crawl Stone Soup version 0.29-a0-1009-g60c99734e7 (webtiles) character file.

Game seed: 3056061590230853047

137 BritishOli the Trooper (level 5, -2/42 HPs)
             Began as a Demonspawn Fighter on Aug 8, 2022.
             Frozen to death by an endoplasm (5 damage)
             ... on level 2 of the Dungeon.
             The game lasted 00:03:00 (1880 turns).

BritishOli the Trooper (Demonspawn Fighter)         Turns: 1880, Time: 00:03:01

Health: -2/42      AC: 13    Str: 18    XL:     5   Next: 0%
Magic:  5/5        EV:  5    Int: 10    God:
Gold:   143        SH:  4    Dex: 12    Spells: 4/4 levels left

rFire   . . .      SeeInvis .   a - +0 long sword
rCold   . . .      Faith    .   c - +0 buckler
rNeg    . . .      Spirit   .   e - +0 plate armour
rPois   .          Reflect  .   (helmet restricted)
rElec   .          Harm     .   (no cloak)
rCorr   .          Rampage  .   (no gloves)
Will    .....                   (no boots)
Stlth   ..........              (no amulet)
HPRegen 0.14/turn               (no ring)
MPRegen 0.09/turn               (no ring)

@: no status effects
A: antennae 1, yellow scales 1, demonic magic 1
a: no special abilities


You were on level 2 of the Dungeon.
You visited 1 branch of the dungeon, and saw 2 of its levels.

You collected 143 gold pieces.

Inventory:

Hand Weapons
 a - a +0 long sword (weapon)
Missiles
 g - 6 javelins (quivered)
Armour
 b - a +0 scale mail
 c - a +0 buckler (worn)
 e - a +0 plate armour (worn)
Scrolls
 j - a scroll of butterflies {unknown}
 l - a scroll of poison {unknown}
 m - a scroll of identify {unknown}
Potions
 d - 2 potions of might
 f - 2 potions of lignification {unknown}
 h - 2 potions of curing {unknown}
 i - a potion of berserk rage {unknown}
 k - a potion of haste {unknown}


   Skills:
 + Level 3.8 Fighting
 + Level 2.7 Long Blades
 + Level 3.4 Armour
 + Level 3.5 Shields


You had 4 spell levels left.
You didn't know any spells.
Your spell library contained the following spells:

 Spells                   Type           Power      Damage    Failure   Level
 Ozocubu's Armour         Ice            0%         N/A       100%        3
 Ozocubu's Refrigeration  Ice            0%         4d7       100%        7


Dungeon Overview and Level Annotations

Branches:
Dungeon (2/15)

Altars:
Uskayaw

Shops:
D:1 (


Innate Abilities, Weirdness & Mutations

You have a pair of small antennae on your head.
You are partially covered in yellow scales. (AC +2)
Spells you cast may paralyse adjacent enemies.


Message History

The gnoll is heavily wounded.
The gnoll hits you but does no damage.
You slash the gnoll!
You kill the gnoll!
You have reached level 5!
Your demonic ancestry asserts itself...
A menacing aura infuses your magic.
You completely miss the endoplasm.
The endoplasm hits you but does no damage. x2
You hit the endoplasm.
The endoplasm is moderately wounded.
The endoplasm hits you but does no damage.
You hit the endoplasm.
The endoplasm is heavily wounded.
The endoplasm freezes you.
You are frozen.
* * * LOW HITPOINT WARNING * * *
You hit the endoplasm but do no damage.
The endoplasm is heavily wounded.
The endoplasm freezes you.
You are frozen.
* * * LOW HITPOINT WARNING * * *
The endoplasm freezes you.
You are frozen.
* * * LOW HITPOINT WARNING * * *
The endoplasm hits you.
* * * LOW HITPOINT WARNING * * *
The endoplasm hits you but does no damage.
The endoplasm hits you but does no damage.
The hobgoblin hits you but does no damage.
You block the endoplasm's attack. You block the hobgoblin's attack.
The endoplasm freezes you.
You are frozen.
* * * LOW HITPOINT WARNING * * *
The hobgoblin hits you but does no damage.
The endoplasm barely misses you.
The hobgoblin hits you but does no damage.
The endoplasm freezes you.
You are frozen.
You die...

.............§..#...#
#........
...#####....§.§§#...#
.....# ...#
#.....♣§§♣♣..♣#
♣####. ####
♣♣P♣♣.§♣§♣§♣.P
♣?♣.♣♣♣♣§♣♣♣♣. ♣ ♣
♣♣P♣ ♣..♣ .♣♣.♣ ♣.♣
♣..♣ ♣....♣
♣...♣.P♣♣♣..♣...
♣.♣..@♣.).8...♣ ♣
.♣.gPJ.)...# .
♣..♣..........
♣..P.♣...#..._
♣♣P.♣..P...... ♣P♣.
....P.# .
♣...P♣.......
PP♣..♣♣♣..♣♣.. .## ♣♣
♣P. :.


You could see an endoplasm and a hobgoblin.

Vanquished Creatures
  Robin (D:2)
  2 gnolls (D:2)
  3 adders (D:2)
  A worm (D:2)
  3 dart slugs (D:1)
  5 ball pythons
  5 bats
  5 endoplasms
  6 giant cockroaches
  9 goblins
  7 hobgoblins
  4 jackals (D:1)
  A kobold (D:1)
  3 quokkas
  2 frilled lizards
  7 rats
64 creatures vanquished.

Vanquished Creatures (others)
  58 plants (D:2)
58 creatures vanquished.

Grand Total: 122 creatures vanquished

Notes
Turn   | Place    | Note
-------+----------+-------------------------------------------
     0 | D:1      | BritishOli the Demonspawn Fighter began the quest for the
                  | Orb.
     0 | D:1      | Reached XP level 1. HP: 18/18 MP: 1/1
   305 | D:1      | Gained mutation: You are partially covered in yellow
                  | scales. (AC +2) [demonic ancestry]
   305 | D:1      | Reached XP level 2. HP: 22/24 MP: 2/2
   504 | D:1      | Found a faded altar of an unknown god.
   632 | D:1      | Found Vewuk's Antique Weapon Shop.
   767 | D:1      | Reached XP level 3. HP: 28/29 MP: 3/3
  1546 | D:2      | Gained mutation: You have a pair of small antennae on your
                  | head. [demonic ancestry]
  1546 | D:2      | Reached XP level 4. HP: 29/35 MP: 4/4
  1690 | D:2      | Noticed Robin
  1702 | D:2      | Killed Robin
  1854 | D:2      | Found a hide-covered altar of Uskayaw.
  1870 | D:2      | Gained mutation: Spells you cast may paralyse adjacent
                  | enemies. [demonic ancestry]
  1870 | D:2      | Reached XP level 5. HP: 14/42 MP: 5/5
  1880 | D:2      | Frozen to death by an endoplasm

Illustrated notes

Levels and vault maps discovered:
D:1:      mainiacjoe_arrival_reflecting_pool, layout_basic,
          hellmonk_ecumenical_altar_lost_god, serial_shops,
          nicolae_shop_window_shopping, minmay_tromino_v7
D:2:      wad_woods_stonehenge, layout_basic, chequers_serial_rivers_small_3,
          uniq_robin

Skill      XL: |  1  2 |
---------------+-------+-----
Long Blades    | 2 |  2.7
Shields        | 3 |  3.5
Armour         | 3 |  3.4
Fighting       | |  3.8

Action                   |  1- 3 |  4- 6 || total
-------------------------+-------+-------++-------
Melee: Long sword        |   141 |    66 ||   207
Armor: Scale mail        |    22 |       ||    22
       Plate armour      |   100 |    52 ||   152
Dodge: Dodged            |    52 |    27 ||    79
Block: Buckler           |    40 |    14 ||    54

Table legend: (Time is in decaauts)
 A = Elapsed time spent in this place.
 B = Non-inter-level travel time spent in this place.
 C = Inter-level travel time spent in this place.
 D = Time resting spent in this place.
 E = Time spent auto-exploring this place.
 F = Levels seen in this place.
 G = Mean time per level.
                   A        B        C        D        E       F      G
               +--------+--------+--------+--------+--------+-----+--------+
         Total |   1949 |   1944 |      5 |    148 |   1357 |   2 |  974.5 |
       Dungeon |   1949 |   1944 |      5 |    148 |   1357 |   2 |  974.5 |
               +--------+--------+--------+--------+--------+-----+--------+

Top non-repeatable levels by time:
     D:1: 1204 daAuts
     D:2: 744 daAuts
